 Dungeon Crawl Stone Soup version 0.21.1-1-g345015f (webtiles) character file.

150 zishaf the Magician (level 5, -2/28 HPs)
             Began as a Deep Elf Venom Mage on May 11, 2018.
             Slain by a worker ant zombie (4 damage)
             ... on level 3 of the Dungeon.
             The game lasted 00:16:21 (2936 turns).

zishaf the Magician (Deep Elf Venom Mage)           Turns: 2936, Time: 00:16:21

Health: -2/28      AC:  3    Str:  5    XL:     5   Next: 10%
Magic:  6/13       EV: 13    Int: 21    God:
Gold:   101        SH:  0    Dex: 15    Spells: 7/13 levels left

rFire    . . .     SeeInvis +   a - +0 dagger
rCold    . . .     Gourm    .   (no shield)
rNeg     . . .     Faith    .   l - +0 robe
rPois    .         Spirit   .   (no helmet)
rElec    .         Reflect  .   g - +0 cloak
rCorr    .         Harm     .   (no gloves)
MR       .....                  (no boots)
Stlth    ++........             (no amulet)
HPRegen  0.09/turn              j - ring of see invisible
MPRegen  0.13/turn              (no ring)

@: no status effects
A: no striking features
a: no special abilities


You were on level 3 of the Dungeon.
You were not hungry.

You visited 1 branch of the dungeon, and saw 3 of its levels.

You collected 101 gold pieces.

Inventory:

Hand Weapons
 a - a +0 dagger (weapon)
 b - a +0 blowgun
Missiles
 f - 15 poisoned needles
Armour
 g - a +0 cloak (worn)
 l - a +0 robe (worn)
Jewellery
 j - a ring of see invisible (left hand)
Scrolls
 e - a scroll of random uselessness {unknown}
 h - a scroll of identify {unknown}
 k - a scroll of magic mapping {unknown}
Potions
 d - a potion of might {unknown}
 i - a potion of heal wounds {unknown}
 n - a potion of magic {unknown}
 o - 2 potions of ambrosia {unknown}
Books
 m - a Young Poisoner's Handbook

   Spells                             Type                      Level
   a - Sting                          Conjuration/Poison           1
   b - Poisonous Vapours              Poison/Air                   2
   c - Mephitic Cloud                 Conjuration/Poison/Air       3
   d - Olgreb's Toxic Radiance        Poison                       4
   e - Venom Bolt                     Conjuration/Poison           5
Comestibles
 c - 4 rations
 p - a chunk of flesh


   Skills:
 + Level 1.0 Short Blades
 + Level 1.0 Throwing
 - Level 2.4 Dodging
 - Level 2.4 Stealth
 + Level 4.6 Spellcasting
 - Level 3.0 Conjurations
 - Level 4.2 Poison Magic


You had 7 spell levels left.
You knew the following spells:

 Your Spells              Type           Power        Failure   Level  Hunger
a - Sting                 Conj/Pois      ###.         2%          1    None
b - Poisonous Vapours     Pois/Air       ##....       7%          2    #......
c - Mephitic Cloud        Conj/Pois/Air  ###.....     12%         3    ##.....


Dungeon Overview and Level Annotations

Branches:
Dungeon (3/15)

Altars:
Kikubaaqudgha
Yredelemnul

Annotations:
D:2 2 transporters, Menkaure


Message History

Press: ? - help, Shift-Dir - straight line, f/p - orc
Aim: an orc, wielding a short sword (moderately wounded)
The sting hits the orc.
The orc is poisoned.
You kill the orc!
The worker ant zombie barely misses you.
You completely miss the worker ant zombie.
The worker ant zombie is heavily damaged.
The worker ant zombie bites you.
* * * LOW HITPOINT WARNING * * *
You hit the worker ant zombie.
The worker ant zombie is severely damaged.
The worker ant zombie bites you.
* * * LOW HITPOINT WARNING * * *
You barely miss the worker ant zombie.
The worker ant zombie is severely damaged.
The worker ant zombie barely misses you.
You hit the worker ant zombie but do no damage.
The worker ant zombie is severely damaged.
The worker ant zombie bites you.
You die...

.............#o........... .l
...........#o.r.......>###.##
##.####(...##..≈...≈.........
...........###...o...........
.#.####.....#########o.......
####...#.................#
#.........######.##......#
.............)..#.##......#
#...####.#)..@Z).'..........
#... #.#.......#.##.......
#.. ..#...#####.# ....... ..
##.#).... ... .......
....#...# #.## ..
...........#.. .
###........#.. #........#..
...


You could see a worker ant zombie.

Vanquished Creatures
  An orc priest (D:3)
  An orc wizard (D:3)
  3 adders
  A dart slug (D:3)
  2 leopard geckos (D:2)
  An orc (D:3)
  4 giant cockroaches
  11 goblins
  8 hobgoblins
  2 quokkas (D:2)
  A ball python (D:2)
  6 bats
  3 frilled lizards
  5 kobolds
  11 rats
60 creatures vanquished.

Notes
Turn   | Place    | Note
-------+----------+-------------------------------------------
     0 | D:1      | zishaf the Deep Elf Venom Mage began the quest for the Orb.
     0 | D:1      | Reached XP level 1. HP: 10/10 MP: 6/6
   294 | D:1      | Reached XP level 2. HP: 15/15 MP: 6/8
   418 | D:1      | Learned a level 2 spell: Poisonous Vapours
  1267 | D:2      | Reached XP level 3. HP: 19/19 MP: 8/10
  1575 | D:2      | Learned a level 3 spell: Mephitic Cloud
  1825 | D:2      | Found a basalt altar of Yredelemnul.
  1827 | D:2      | Found a transporter.
  1830 | D:2      | Noticed Menkaure
  1836 | D:2      | Found an ancient bone altar of Kikubaaqudgha.
  1852 | D:2      | Found a transporter.
  1901 | D:2      | Reached XP level 4. HP: 24/24 MP: 9/12
  2922 | D:3      | Reached skill level 1 in Short Blades
  2922 | D:3      | Reached skill level 1 in Throwing
  2922 | D:3      | Reached XP level 5. HP: 16/28 MP: 7/13
  2936 | D:3      | Slain by a worker ant zombie

Skill      XL: |  1  2  3  4 |
---------------+-------------+-----
Conjurations   | 2 3 |  3.0
Spellcasting   | 4 |  4.6
Poison Magic   | 4 |  4.2
Short Blades   | 1 |  1.0
Throwing       | 1 |  1.0
Dodging        | |  2.4
Stealth        | |  2.4

Action                   |  1- 3 |  4- 6 || total
-------------------------+-------+-------++-------
Melee: Dagger            |       |    37 ||    37
 Fire: Blowgun           |       |     2 ||     2
 Cast: Sting             |    83 |    58 ||   141
       Poisonous Vapours |     2 |       ||     2
       Mephitic Cloud    |       |     1 ||     1
  Eat: Chunk             |     3 |     1 ||     4
       Ration            |       |     1 ||     1
Armor: Robe              |     4 |    15 ||    19
Dodge: Dodged            |     6 |    47 ||    53
